[Event "International chess holiday K31"]
[Site "Praha"]
[Date "2012.07.29"]
[Round "1"]
[White "Vítek , Jan"]
[Black "Hapke, Ralf"]
[Result "1-0"]
[ECO "A34"]
[WhiteElo "1970"]
[BlackElo "1945"]
[Annotator ",Martin"]
[PlyCount "120"]
[TimeControl "240+2"]

1. e4 c5 2. Nf3 a6 3. c4 e6 4. d4 cxd4 5. Nxd4 b6 6. Nc3
Bb7 7. a3 Qc7 8. Bd3 Nf6 9. O-O h5 10. h3 Bd6 11. Be3 Bh2+ 12. Kh1 Bf4 13. Bxf4
Qxf4 14. Qf3 Qe5 15. Nde2 g5 16. Qg3 Nc6 17. f4 gxf4 18. Qxf4 Qxf4 19. Rxf4 Ne5
20. Rxf6 Nxd3 21. b3 Ke7 22. Raf1 Rh7 23. R6f3 Nc5 24. Re3 Nxb3 25. Nd5+ Bxd5
26. cxd5 Nc5 27. Rd1 d6 28. e5 dxe5 29. Rxe5 Kd6 30. Re3 e5 31. Ng3 e4 32.
Nxe4+ Nxe4 33. Rxe4 Rg7 34. Rf4 Rag8 35. Rd2 Ke5 36. Rfd4 Kd6 37. Rc4 Rg6 38.
Rc6+ Kd7 39. Rdc2 Rxc6 40. Rxc6 Rg6 41. Rc3 Kd6 42. Rf3 f6 43. Rf5 h4 44. Rh5
Rg3 45. Rxh4 Rxa3 46. Rh6 Kxd5 47. Rxf6 b5 48. h4 Ke5 49. Rf2 b4 50. h5 b3 51.
h6 Ra4 52. g3 Ra1+ 53. Kg2 b2 54. Rxb2 Kf6 55. Rb6+ Kf7 56. Rb7+ Kg8 57. g4 Ra3
58. Ra7 Kh8 59. g5 Ra4 60. Kg3 Ra1 1-0

[Event "International chess holiday K31"]
[Site "Praha"]
[Date "2012.07.29"]
[Round "1"]
[White "Pommrich, Rainer"]
[Black "Pokorný, Jan"]
[Result "0-1"]
[ECO "B09"]
[WhiteElo "2040"]
[BlackElo "1814"]
[Annotator ",Martin"]
[PlyCount "41"]
[TimeControl "240+2"]

1. e4 d6 2. d4 Nf6 3. Nc3 g6 4. f4 Bg7 5. Nf3 O-O 6. Bd3
Bg4 7. h3 Bd7 8. Be3 b6 9. Qd2 c5 10. d5 Qc7 11. Qe2 a6 12. a4 Nh5 13. Qf2 a5
14. Bb5 f5 15. exf5 gxf5 16. Ng5 h6 17. Bxd7 Qxd7 18. Ne6 Rf7 19. Qh4 Nf6 20.
O-O-O neèitelné 0-1

[Event "International chess holiday K31"]
[Site "Praha"]
[Date "2012.07.29"]
[Round "1"]
[White "Trebbin, Wolfgang"]
[Black "Suchý, Ladislav"]
[Result "0-1"]
[ECO "D02"]
[WhiteElo "2029"]
[BlackElo "1809"]
[Annotator ",Martin"]
[PlyCount "35"]
[TimeControl "240+2"]

1. d4 Nf6 2. Nf3 c5 3. c3 e6 4. g3 Nc6 5. Bg2 d5 6. O-O
Bd6 7. b3 O-O 8. Bb2 Re8 9. Nbd2 e5 10. dxe5 Nxe5 11. Nxe5 Bxe5 12. Qc2 Bg4 13.
Rfe1 Qd7 14. e4 d4 15. Nc4 d3 16. Qd2 Be2 17. f4 Bc7 neèitelné 0-1

[Event "International chess holiday K31"]
[Site "Praha"]
[Date "2012.07.29"]
[Round "1"]
[White "Bouèek, Vlastimil"]
[Black "Brejník, Gustav"]
[Result "1-0"]
[ECO "B10"]
[WhiteElo "2008"]
[BlackElo "1846"]
[Annotator ",Martin"]
[PlyCount "95"]
[TimeControl "240+2"]

1. e4 c6 2. d3 d5 3. Qe2 Qc7 4. g3 Nd7 5. f4 dxe4 6. dxe4
e5 7. f5 Bc5 8. Nh3 Nb6 9. Be3 Bxe3 10. Qxe3 f6 11. Nf2 Bd7 12. g4 h6 13. Nc3
Ne7 14. h4 O-O-O 15. O-O-O Be8 16. Rxd8+ Qxd8 17. Be2 Bf7 18. Rd1 Qc7 19. b3
Rd8 20. Nd3 Kb8 21. g5 hxg5 22. hxg5 Rd4 23. Rh1 Ng8 24. Rh7 Bc4 25. Nc5 Qe7
26. Nd3 fxg5 27. Kb2 Kc7 28. Qg3 Bxd3 29. Bxd3 Nh6 30. Nd1 Rd8 31. Ne3 Nd7 32.
a4 Nf8 33. Rh8 Rd4 34. Nc4 Nd7 35. c3 Rxc4 36. Bxc4 Nc5 37. Bd3 Qd6 38. Bc2 Kb6
39. b4 Nd7 40. Qxg5 Nf7 41. Qe3+ Kc7 42. Rh7 Nb6 43. Bb3 Qf6 44. a5 Nc8 45.
Bxf7 Qxf7 46. Qg5 Qc4 47. Qxg7+ Kb8 48. Qxb7# 1-0

[Event "International chess holiday M31"]
[Site "Praha"]
[Date "2012.07.29"]
[Round "2"]
[White "Michálek, František"]
[Black "Nguyen, Thai Dai Van"]
[Result "1/2-1/2"]
[ECO "B89"]
[WhiteElo "2069"]
[BlackElo "2007"]
[Annotator ",Martin"]
[PlyCount "61"]
[TimeControl "240+2"]

1. e4 c5 2. Nf3 Nc6 3.
Nc3 d6 4. d4 cxd4 5. Nxd4 Nf6 6. Bc4 e6 7. Bb3 Be7 8. Be3 a6 9. Qe2 Qc7 10. O-O
O-O 11. f4 Nxd4 12. Bxd4 b5 13. a3 e5 14. Be3 Bb7 15. Qf3 Bc6 16. Nd5 Bxd5 17.
exd5 exf4 18. Bxf4 Rad8 19. Rae1 Rfe8 20. Re3 Nd7 21. Rfe1 Ne5 22. Bxe5 dxe5
23. Qxf7+ Kxf7 24. d6+ Qc4 25. Bxc4+ bxc4 26. dxe7 Rxe7 27. Rxe5 Rxe5 28. Rxe5
Rd2 29. Ra5 Rxc2 30. Rxa6 Rxb2 31. Rc6 1/2-1/2

[Event "International chess holiday M31"]
[Site "Praha"]
[Date "2012.07.29"]
[Round "2"]
[White "Hentzgen, Thomas"]
[Black "Kratochvíl, Jakub"]
[Result "0-1"]
[ECO "E19"]
[WhiteElo "2036"]
[BlackElo "2136"]
[Annotator ",Martin"]
[PlyCount "92"]
[TimeControl "240+2"]

1. Nf3 Nf6 2. c4 e6 3. g3 b6 4. Bg2 Bb7 5. O-O Be7 6. d4
O-O 7. Nc3 Ne4 8. Qc2 Nxc3 9. Qxc3 c5 10. dxc5 bxc5 11. Bf4 Qb6 12. Rfd1 d5 13.
b3 Nd7 14. Rac1 Bf6 15. Qc2 h6 16. cxd5 exd5 17. g4 Rfe8 18. e3 Qe6 19. h3 Rac8
20. g5 hxg5 21. Nxg5 Bxg5 22. Bxg5 Nf6 23. Qe2 Ba6 24. Qf3 Ne4 25. Bf4 Bb7 26.
Qg4 Qe7 27. h4 Rc6 28. h5 Bc8 29. Qe2 Rd8 30. f3 Ng5 31. Qb5 Bd7 32. Rxd5 Nh3+
33. Bxh3 Rg6+ 34. hxg6 Bxb5 35. Rxd8+ Qxd8 36. Rxc5 Qd1+ 37. Kf2 Qe2+ 38. Kg3
Qe1+ 39. Kh2 fxg6 40. Be6+ Kh7 41. Bh3 Qf2+ 42. Bg2 Bf1 43. Rg5 Qxa2 44. Kh3
Bxg2+ 45. Rxg2 Qxb3 46. Kg4 a5 0-1

[Event "International chess holiday M31"]
[Site "Praha"]
[Date "2012.07.29"]
[Round "2"]
[White "Gregor, Jiøí"]
[Black "Hadžala, Daniel"]
[Result "1-0"]
[ECO "E80"]
[WhiteElo "2281"]
[BlackElo "2126"]
[Annotator ",Martin"]
[PlyCount "71"]
[TimeControl "240+2"]

1. d4 Nf6 2. c4 g6 3. Nc3 Bg7 4. e4 d6 5. f3 c6 6. Be3 Qc7
7. Qd2 a6 8. a4 a5 9. Nge2 Na6 10. Nc1 e5 11. Nb3 exd4 12. Bxd4 O-O 13. Be2 Re8
14. O-O Bd7 15. Rfd1 Rad8 16. Bf1 Bc8 17. Qf2 Nd7 18. Be3 Bf8 19. Rd2 Nac5 20.
Nd4 Qb6 21. Bg5 Be7 22. Bxe7 Rxe7 23. Ra3 Ree8 24. Kh1 Qc7 25. Qg3 Ne5 26. Ra1
Qb6 27. Rad1 Qb4 28. Nf5 Bxf5 29. exf5 Nb3 30. Re2 Nxc4 31. Ne4 Rxe4 32. Rxe4
b5 33. Qh4 Ra8 34. Rde1 Rf8 35. fxg6 hxg6 36. Qf6 1-0

[Event "International chess holiday M31"]
[Site "Praha"]
[Date "2012.07.29"]
[Round "2"]
[White "Hofírek, Benedikt"]
[Black "Koper, Stefan"]
[Result "0-1"]
[ECO "E91"]
[WhiteElo "2041"]
[BlackElo "1960"]
[Annotator ",Martin"]
[PlyCount "68"]
[TimeControl "240+2"]

1. d4 Nf6 2. c4 g6 3. Nc3 d6 4. e4 Bg7 5. Nf3 O-O 6. Be2
c6 7. O-O Qc7 8. Bg5 Nbd7 9. Qd2 a6 10. Rac1 e5 11. Rfd1 Re8 12. d5 c5 13. a3
Nf8 14. Ne1 h5 15. h4 N8h7 16. Be3 Ng4 17. Bxg4 Bxg4 18. f3 Bd7 19. Nd3 f5 20.
Bf2 f4 21. g3 fxg3 22. Bxg3 Nf6 23. Qg5 Kh7 24. Qe3 Bh6 25. f4 Ng4 26. Qf3 Rf8
27. Ne2 Rae8 28. Rf1 Qd8 29. b3 Qe7 30. Rce1 b5 31. Kh1 Rf7 32. Kg1 Ref8 33.
Kh1 bxc4 34. bxc4 0-1

[Event "International chess holiday M31"]
[Site "Praha"]
[Date "2012.07.29"]
[Round "2"]
[White "Staufenberger, Bernd"]
[Black "Spindler, Markus"]
[Result "1/2-1/2"]
[ECO "A80"]
[WhiteElo "2079"]
[BlackElo "2092"]
[Annotator ",Martin"]
[PlyCount "91"]
[TimeControl "240+2"]

1. d4 f5 2. Bg5 Nf6 3. Bxf6 exf6 4. e3 d5 5. c4 c6 6. Nc3
Be7 7. cxd5 cxd5 8. Qb3 Nc6 9. Qxd5 Qb6 10. Qb5 Bb4 11. Nf3 Bd7 12. Qxb6 axb6
13. Be2 O-O 14. O-O Be6 15. d5 Bxc3 16. dxe6 Be5 17. Rfd1 Rfd8 18. Bc4 Kf8 19.
Nxe5 fxe5 20. f3 Ke7 21. g4 fxg4 22. fxg4 Rxd1+ 23. Rxd1 Rd8 24. Rf1 Rf8 25.
Rxf8 Kxf8 26. Kg2 Ke7 27. Kf3 Kd6 28. Ke4 Ne7 29. b3 g6 30. h3 Nc6 31. a3 Ne7
32. b4 Nc6 33. h4 Ne7 34. Bb3 Nc6 35. h5 Ne7 36. b5 Ng8 37. hxg6 hxg6 38. g5
Ne7 39. a4 Nf5 40. Bd5 Ne7 41. Bxb7 Kxe6 42. Bc6 Kd6 43. Be8 Ke6 44. Bc6 Kd6
45. Be8 Ke6 46. Bc6 1/2-1/2

[Event "International chess holiday K31"]
[Site "Praha"]
[Date "2012.07.29"]
[Round "2"]
[White "Koller, Martin"]
[Black "Vítek, Jan"]
[Result "1-0"]
[ECO "D45"]
[WhiteElo "1900"]
[BlackElo "1970"]
[Annotator ",Martin"]
[PlyCount "89"]
[TimeControl "240+2"]

1. d4 d5 2. c4 c6 3. Nf3 Nf6 4. Nc3 e6 5. e3 Nbd7 6. Qc2
Bd6 7. g4 dxc4 8. Bxc4 b5 9. Be2 e5 10. Bd2 Bb7 11. g5 b4 12. Na4 Nd5 13. dxe5
Nxe5 14. Nxe5 Bxe5 15. Nc5 Qe7 16. O-O-O a5 17. f4 Bd6 18. Ne4 c5 19. Bb5+ Kf8
20. Nxd6 Qxd6 21. e4 Qb6 22. Bc4 b3 23. Bxb3 Nb4 24. Qc4 Qe6 25. Qxc5+ Kg8 26.
Bxe6 Nd3+ 27. Kb1 Nxc5 28. Bd5 Bxd5 29. exd5 h6 30. Rc1 Ne4 31. Bc3 hxg5 32.
fxg5 Rh3 33. Rhd1 Nxc3+ 34. Rxc3 Rxc3 35. bxc3 Kf8 36. Re1 a4 37. c4 a3 38. Kc2
Rb8 39. Kc3 f6 40. gxf6 gxf6 41. Re2 Kf7 42. d6 Rb1 43. c5 f5 44. d7 Rd1 45.
Rd2 1-0

[Event "International chess holiday K31"]
[Site "Praha"]
[Date "2012.07.29"]
[Round "2"]
[White "Pokorný, Jan"]
[Black "Hapke, Rlf"]
[Result "0-1"]
[ECO "A30"]
[WhiteElo "1814"]
[BlackElo "1945"]
[Annotator ",Martin"]
[PlyCount "81"]
[TimeControl "240+2"]

1. Nf3 Nf6 2. b3 g6 3. Bb2 Bg7 4. e3 c5 5. c4 Nc6 6. Be2
d6 7. O-O O-O 8. d3 a6 9. Nbd2 Ne8 10. Bxg7 Nxg7 11. d4 cxd4 12. Nxd4 Nf5 13.
N2f3 Nfxd4 14. Nxd4 Bd7 15. Bf3 Rb8 16. Qd2 Ne5 17. Be2 Bc6 18. f4 Nd7 19. Bf3
Bxf3 20. Rxf3 b5 21. Nc6 Qc8 22. Nxb8 Qxb8 23. Rc1 b4 24. e4 Nc5 25. Qe3 f6 26.
Re1 a5 27. e5 f5 28. Rh3 Ne4 29. Qd4 Rd8 30. e6 d5 31. cxd5 Qxf4 32. Rf1 Qc7
33. g4 Nf6 34. gxf5 Rxd5 35. Qc4 Qb6+ 36. Kh1 Rc5 37. Qe2 g5 38. Qg2 g4 39. Rd3
Qc7 40. h3 h5 41. hxg4 0-1

[Event "International chess holiday K31"]
[Site "Praha"]
[Date "2012.07.29"]
[Round "2"]
[White "Suchý, Ladislav"]
[Black "Vavøinec, Tomáš"]
[Result "0-1"]
[ECO "C11"]
[WhiteElo "1809"]
[BlackElo "1995"]
[Annotator ",Martin"]
[PlyCount "64"]
[TimeControl "240+2"]

1. Nc3 e6 2. e4 d5 3. Nf3 Nf6 4. e5 Nfd7 5. d4 c5 6. Bb5
Nc6 7. Be3 Be7 8. Ne2 Qa5+ 9. Nc3 O-O 10. O-O cxd4 11. Bxd4 Nxd4 12. Qxd4 f6
13. Rfe1 fxe5 14. Qg4 Nf6 15. Qa4 Qxa4 16. Bxa4 e4 17. Nd2 Ng4 18. Nd1 Bc5 19.
Re2 b6 20. Bb5 Bb7 21. Nb3 Bd6 22. h3 Ne5 23. Nd4 Rf6 24. Ne3 Raf8 25. Rf1 Ng6
26. Ng4 Nf4 27. Nxf6+ Rxf6 28. Rd2 Rg6 29. g3 Nxh3+ 30. Kh2 Ng5 31. f4 exf3 32.
Nxf3 Ne4 0-1

[Event "International chess holiday K31"]
[Site "Praha"]
[Date "2012.07.29"]
[Round "2"]
[White "Pommrich, Rainer"]
[Black "Bouèek, Vlastimil"]
[Result "1-0"]
[ECO "B05"]
[WhiteElo "2040"]
[BlackElo "2008"]
[Annotator ",Martin"]
[PlyCount "85"]
[TimeControl "240+2"]

1. e4 Nf6 2. e5 Nd5 3. d4 d6 4. Nf3 Bg4 5. Be2 e6 6. O-O
Be7 7. h3 Bh5 8. c4 Nb6 9. b3 O-O 10. Bb2 Nc6 11. exd6 cxd6 12. Nbd2 d5 13. c5
Nc8 14. a3 Bf6 15. b4 Bg6 16. b5 N6e7 17. a4 b6 18. c6 Nf5 19. Nb3 Be7 20. Ne5
Bd6 21. Ba3 Qe7 22. Bxd6 Qxd6 23. Qd2 Nfe7 24. a5 f6 25. Nd7 Rd8 26. axb6 Nxb6
27. Ndc5 Nc4 28. Bxc4 dxc4 29. Nb7 Qc7 30. Nxd8 Rxd8 31. Nc5 Bf7 32. Qa5 Nd5
33. Qxa7 Qf4 34. b6 g5 35. b7 g4 36. hxg4 Nc3 37. Rfe1 Nb5 38. Qb6 Nc7 39. b8=Q
Rxb8 40. Qxb8+ Kg7 41. Na6 c3 42. Nxc7 Qxd4 43. Nxe6+ 1-0

[Event "International chess holiday K31"]
[Site "Praha"]
[Date "2012.07.29"]
[Round "2"]
[White "Brejník, Gustav"]
[Black "Trebbin, Wolfhard"]
[Result "1-0"]
[ECO "D01"]
[WhiteElo "1846"]
[BlackElo "2029"]
[Annotator ",Martin"]
[PlyCount "21"]
[TimeControl "240+2"]

1. d4 Nf6 2. Nc3 d5 3. Bg5 Nbd7 4. Nf3 c6 5. e3 Ne4 6.
Nxe4 dxe4 7. Nd2 Qa5 8. Bf4 e5 9. dxe5 Nxe5 10. c3 Qd5 neèitelné 1-0

[Event "International chess holiday M31"]
[Site "Praha"]
[Date "2012.07.30"]
[Round "3"]
[White "Hadžala, Daniel"]
[Black "Hofírek, Benedikt"]
[Result "1/2-1/2"]
[ECO "A11"]
[WhiteElo "2126"]
[BlackElo "2041"]
[Annotator ",Martin"]
[PlyCount "109"]
[TimeControl "240+2"]

1. Nf3 d5 2. g3 c6 3. Bg2 Bg4 4. O-O Nf6 5. c4 Nbd7 6. Nc3
dxc4 7. Qc2 e6 8. Nd1 Nb6 9. Ne3 Bxf3 10. Bxf3 Qd4 11. Rd1 Nfd5 12. d3 Nb4 13.
Qb1 cxd3 14. a3 N4d5 15. Rxd3 Qe5 16. b4 Qc7 17. Nd1 Be7 18. e4 Nf6 19. Qb3 O-O
20. Bb2 Rfd8 21. Re3 e5 22. Rc1 Nbd7 23. Rec3 Nf8 24. b5 c5 25. Rc4 Bd6 26. Ne3
b6 27. Bg2 g6 28. f4 Qe7 29. f5 Bc7 30. Rf1 Kg7 31. Nd5 Nxd5 32. exd5 Qd6 33.
f6+ Kg8 34. Qe3 Nd7 35. Qg5 Rac8 36. Rh4 Qf8 37. Bh3 Kh8 38. Re1 Bd6 39. Bxd7
Rxd7 40. Qg4 Rcd8 41. Bc1 Qg8 42. Bh6 Bf8 43. Rxe5 Bxh6 44. Rxh6 Rxd5 45. Re7
Rf5 46. Qh4 Rfd5 47. Rxa7 R5d7 48. Rxd7 Rxd7 49. Qe4 Qd8 50. Qe5 Rd1+ 51. Kg2
Qd2+ 52. Kf3 Qd3+ 53. Kg4 Qd4+ 54. Qxd4 Rxd4+ 55. Kf3 1/2-1/2

[Event "International chess holiday M31"]
[Site "Praha"]
[Date "2012.07.30"]
[Round "3"]
[White "Nguyen, Thai Dai Van"]
[Black "Staufenberger, Bernd"]
[Result "1-0"]
[ECO "C03"]
[WhiteElo "2007"]
[BlackElo "2079"]
[Annotator ",Martin"]
[PlyCount "79"]
[TimeControl "240+2"]

1. e4 e6 2. d4 d5 3. Nd2 Be7 4. e5 Nh6 5. Bd3 c5 6. dxc5
Nd7 7. Nb3 Nxe5 8. Bxh6 gxh6 9. Qh5 Bf6 10. Bb5+ Bd7 11. Bxd7+ Nxd7 12. c3 Bg7
13. h4 Rc8 14. Qg4 Rg8 15. Qa4 a6 16. g3 Bf8 17. c4 Rg4 18. Na5 Bxc5 19. Nxb7
Qb6 20. Nxc5 Rxc5 21. Qd1 Re4+ 22. Kf1 Qxb2 23. cxd5 Rxd5 24. Qc1 Qb5+ 25. Kg2
Ne5 26. Qxh6 Ng4 27. Qxh7 Rf5 28. Nh3 Re2 29. Qg8+ Ke7 30. Qxg4 Qd5+ 31. Kg1
Qd2 32. Rf1 Qxa2 33. h5 Rf6 34. Nf4 Rb2 35. h6 e5 36. h7 exf4 37. h8=Q fxg3 38.
Qxg3 Rg6 39. Qhe5+ Re6 40. Qc7+ 1-0

[Event "International chess holiday M31"]
[Site "Praha"]
[Date "2012.07.30"]
[Round "3"]
[White "Koper, Štefan"]
[Black "Hentzgen, Thomas"]
[Result "1-0"]
[ECO "A81"]
[WhiteElo "1960"]
[BlackElo "2036"]
[Annotator ",Martin"]
[PlyCount "76"]
[TimeControl "240+2"]

1. d4 f5 2. g3 g6 3. h4 Nf6 4. Nh3 d6 5. d5 e5 6. dxe6
Bxe6 7. Nf4 Bf7 8. Bg2 c6 9. Nd2 Nbd7 10. Nf3 Ne5 11. Ng5 Qc7 12. Nfe6 Bxe6 13.
Nxe6 Qe7 14. Nxf8 Qxf8 15. Qd4 Qe7 16. Bg5 Kf7 17. O-O-O d5 18. f3 a5 19. g4
Rhd8 20. gxf5 gxf5 21. Qf4 Nc4 22. Qxf5 Qe5 23. Qxe5 Nxe5 24. a4 Re8 25. b3
Ned7 26. Kd2 Nc5 27. Be3 Nfd7 28. Bd4 Re7 29. Rdf1 b5 30. axb5 cxb5 31. e4 a4
32. bxa4 Rxa4 33. Bb2 dxe4 34. fxe4+ Ke6 35. Re1 Ne5 36. Kc1 Nc4 37. Bd4 Rea7
38. Bh3+ Kd6 neèitelné 1-0

[Event "International chess holiday M31"]
[Site "Praha"]
[Date "2012.07.30"]
[Round "3"]
[White "Kratochvíl, Jakub"]
[Black "Michálek, František"]
[Result "1/2-1/2"]
[ECO "C99"]
[WhiteElo "2136"]
[BlackElo "2069"]
[Annotator ",Martin"]
[PlyCount "76"]
[TimeControl "240+2"]

1. e4 e5 2. Nf3 Nc6 3. Bb5 a6 4. Ba4 Nf6 5. O-O Be7 6. Re1
b5 7. Bb3 d6 8. c3 O-O 9. h3 Na5 10. Bc2 c5 11. d4 cxd4 12. cxd4 Qc7 13. Nbd2
Nc6 14. Nb3 a5 15. Be3 a4 16. Nbd2 Nb4 17. Bb1 Bd7 18. a3 Nc6 19. Bd3 Qb8 20.
Qe2 Na5 21. Rac1 Ne8 22. Rc2 f6 23. Rec1 Qb7 24. Nh4 g6 25. Bh6 Rf7 26. Nhf3
Rb8 27. h4 Bg4 28. Be3 Bd8 29. Qf1 Rc7 30. Rxc7 Bxc7 31. Ne1 Be6 32. d5 Bd7 33.
Nc2 Bb6 34. Bxb6 Qxb6 35. Nb4 Rb7 36. Rc3 Rc7 37. Qc1 Rxc3 38. Qxc3 Nb7 1/2-1/2

[Event "International chess holiday M31"]
[Site "Praha"]
[Date "2012.07.30"]
[Round "3"]
[White "Spindler, Marcus"]
[Black "Gregor, Jiøí"]
[Result "0-1"]
[ECO "B12"]
[WhiteElo "2092"]
[BlackElo "2281"]
[Annotator ",Martin"]
[PlyCount "68"]
[TimeControl "240+2"]

1. e4 c6 2. d4 d5 3. e5 Bf5 4. h4 h5 5. c4 dxc4 6. Bxc4 e6
7. Nc3 Nd7 8. Bg5 Be7 9. Nf3 Nb6 10. Bb3 Nh6 11. Qd2 Qd7 12. Bxh6 Rxh6 13. Ng5
f6 14. Nge4 Rg6 15. exf6 Bxf6 16. Nxf6+ gxf6 17. g3 O-O-O 18. O-O-O Rg4 19. Qe3
Kb8 20. Rhe1 Nd5 21. Bxd5 cxd5 22. Kd2 Rc8 23. Rc1 Rc4 24. f4 e5 25. Ne2 Qb5
26. Rxc4 Qxb2+ 27. Kd1 dxc4 28. Qc1 Qxa2 29. Qc3 Qb1+ 30. Kd2 Qd3+ 31. Qxd3
cxd3 32. dxe5 dxe2 33. exf6 Rg6 34. Rxe2 Rxf6 0-1

[Event "International chess holiday K31"]
[Site "Praha"]
[Date "2012.07.30"]
[Round "3"]
[White "Trebbin, Wolfhard"]
[Black "Pommrich, Rainer"]
[Result "1/2-1/2"]
[ECO "E19"]
[WhiteElo "2029"]
[BlackElo "2040"]
[Annotator ",Martin"]
[PlyCount "34"]
[TimeControl "240+2"]

1. d4 Nf6 2. Nf3 e6 3. g3 b6 4. Bg2 Bb7 5. O-O Be7 6. c4
O-O 7. Nc3 Ne4 8. Qc2 Nxc3 9. Qxc3 c5 10. Qd3 Nc6 11. dxc5 bxc5 12. Be3 d5 13.
cxd5 Nb4 14. Qd2 Qxd5 15. a3 Qxd2 16. Bxd2 Nc2 17. Rac1 Nd4 1/2-1/2

[Event "International chess holiday K31"]
[Site "Praha"]
[Date "2012.07.30"]
[Round "3"]
[White "Hapke, Ralf"]
[Black "Koller, Martin"]
[Result "1/2-1/2"]
[ECO "C29"]
[WhiteElo "1945"]
[BlackElo "1900"]
[Annotator ",Martin"]
[PlyCount "81"]
[TimeControl "240+2"]

1. Nc3 Nf6 2. e4 e5 3. f4 d5 4. fxe5 Nxe4 5. Nf3 Bc5 6. d4
Bb4 7. Bd2 Bg4 8. Be2 Nxd2 9. Qxd2 O-O 10. a3 Be7 11. Nd1 Nd7 12. Nf2 Be6 13.
Nd3 c6 14. O-O Qc7 15. Rae1 c5 16. c3 Rae8 17. Bd1 Qc6 18. h3 cxd4 19. Nxd4 Qb6
20. Kh1 Nc5 21. Nxc5 Bxc5 22. Bc2 Bxd4 23. cxd4 Rc8 24. Rf4 Rc7 25. Rh4 h6 26.
Re3 f5 27. exf6 Rxf6 28. Rg3 Bc8 29. Bd3 Qc6 30. Rh5 Qc1+ 31. Qxc1 Rxc1+ 32.
Kh2 Be6 33. Re5 Rc7 34. Rge3 Bf7 35. Kg3 Kf8 36. Rf3 Rcc6 37. Rxf6 Rxf6 38. Be2
Rg6+ 39. Kf2 Rb6 40. b4 Rc6 41. Bf3 1/2-1/2

[Event "International chess holiday K31"]
[Site "Praha"]
[Date "2012.07.30"]
[Round "3"]
[White "Vítek, Jan"]
[Black "Suchý, Ladislav"]
[Result "1/2-1/2"]
[ECO "B00"]
[WhiteElo "1970"]
[BlackElo "1809"]
[Annotator ",Martin"]
[PlyCount "59"]
[TimeControl "240+2"]

1. e4 Nc6 2. Nf3 d5 3. exd5 Qxd5 4. Nc3 Qd6 5. d4 Nf6 6.
Nb5 Qd7 7. c4 e6 8. Be2 a6 9. Qa4 Bb4+ 10. Bd2 Bxd2+ 11. Nxd2 O-O 12. Nf3 Rb8
13. Nc3 Nxd4 14. Nxd4 Qxd4 15. O-O Qb6 16. Qc2 Bd7 17. Rad1 Bc6 18. Rd2 Qa5 19.
a3 Qg5 20. f3 Rbd8 21. Rfd1 Rxd2 22. Rxd2 Nh5 23. Ne4 Qe3+ 24. Kf1 f5 25. Ng3
Nf4 26. Qd1 Ba4 27. Qe1 Bb3 28. Rd7 g5 29. Qc3 Qxc3 30. bxc3 1/2-1/2

[Event "International chess holiday K31"]
[Site "Praha"]
[Date "2012.07.30"]
[Round "3"]
[White "Bouèek, Vlastimil"]
[Black "Pokorný, Jan"]
[Result "0-1"]
[ECO "B06"]
[WhiteElo "2008"]
[BlackElo "1814"]
[Annotator ",Martin"]
[PlyCount "83"]
[TimeControl "240+2"]

1. e4 d6 2. g3 g6 3. Bg2 Bg7 4. d4 Nf6 5. h3 O-O 6. Be3 c6
7. Qd2 e5 8. c3 Na6 9. Bh6 exd4 10. cxd4 Nxe4 11. Bxe4 Re8 12. f3 d5 13. Bxg7
Kxg7 14. Nc3 dxe4 15. fxe4 Bf5 16. e5 c5 17. g4 cxd4 18. gxf5 dxc3 19. Qxc3 Rc8
20. Qg3 Qa5+ 21. Kf1 Rxe5 22. f6+ Kxf6 23. Nf3 Rf5 24. Rh2 Qb5+ 25. Kg1 Qc5+
26. Rf2 Re8 27. Kg2 Kg7 28. Rd1 Re3 29. Qd6 Re7 30. Qd8 Nb4 31. a3 Nd5 32. b4
Nf4+ 33. Kg3 Qe3 34. Qd4+ Qxd4 35. Nxd4 Re3+ 36. Rf3 Nh5+ 37. Kg2 Rfxf3 38.
Nxf3 Rxa3 39. Rd5 Nf4+ neèitelné 0-1

[Event "International chess holiday K31"]
[Site "Praha"]
[Date "2012.07.30"]
[Round "3"]
[White "Vavøinec, Tomáš"]
[Black "Brejník, Gustav"]
[Result "1-0"]
[ECO "A11"]
[WhiteElo "1995"]
[BlackElo "1846"]
[Annotator ",Martin"]
[PlyCount "101"]
[TimeControl "240+2"]

1. Nf3 c6 2. g3 d5 3. Bg2 Bf5 4. c4 Qc8 5. h4 Nf6 6. Nc3
Nbd7 7. cxd5 cxd5 8. Nd4 Bg6 9. d3 e6 10. Bd2 a6 11. Rc1 Qb8 12. e4 Bc5 13. Nb3
Bh5 14. Qc2 Bxf2+ 15. Kxf2 Ng4+ 16. Kg1 Qxg3 17. Be1 Qe3+ 18. Bf2 Nxf2 19. Qxf2
Qxd3 20. Bf1 Qf3 21. exd5 Ne5 22. Qxf3 Nxf3+ 23. Kf2 Ne5 24. Nd4 Rd8 25. Re1
Ng4+ 26. Kg3 O-O 27. Bg2 b5 28. Nc6 Rd7 29. Bh3 Nf6 30. Ne5 Rd6 31. dxe6 fxe6
32. Ne4 Nxe4+ 33. Rxe4 Rf6 34. Rc1 h6 35. Rc2 Kh7 36. Re3 Be8 37. Ng4 Rg6 38.
Kf2 Bc6 39. Ke2 Bd5 40. b3 h5 41. Ne5 Rf6 42. Rc1 Rf4 43. Rg1 Rd8 44. Rg5 Rxh4
45. Ke1 Rf8 46. Kd2 Rf2+ 47. Kd3 Rxa2 48. Reg3 Be4+ 49. Ke3 g6 50. Bxe6 Rc2 51.
Bf7 neèitelné 1-0

[Event "International chess holiday M31"]
[Site "Praha"]
[Date "2012.07.31"]
[Round "4"]
[White "Hentzgen, Thomas"]
[Black "Hadžala, Daniel"]
[Result "1/2-1/2"]
[ECO "A55"]
[WhiteElo "2036"]
[BlackElo "2126"]
[Annotator ",Martin"]
[PlyCount "104"]
[TimeControl "240+2"]

1. d4 Nf6 2. c4 d6 3. Nf3 Nbd7 4. Nc3 e5 5. e4 c6 6. Be2
Be7 7. O-O O-O 8. Re1 Qc7 9. Rb1 exd4 10. Nxd4 Nc5 11. Bf1 a5 12. h3 Re8 13.
Qc2 Bf8 14. Bg5 Nfd7 15. b3 Ne5 16. a3 f6 17. Be3 g5 18. b4 axb4 19. axb4 Ne6
20. Nb3 Nf4 21. Bxf4 gxf4 22. Nd4 Qf7 23. Nd1 c5 24. bxc5 dxc5 25. Nb5 Bxh3 26.
Rb3 Be6 27. Nb2 f3 28. Rd1 Qh5 29. gxf3 Nxf3+ 30. Rxf3 Qxf3 31. Nc7 Re7 32.
Nxe6 Rxe6 33. Bg2 Qf4 34. Qb3 b6 35. Na4 Rae8 36. Nc3 f5 37. Nd5 Qb8 38. Qh3
Bg7 39. exf5 Re1+ 40. Rxe1 Rxe1+ 41. Bf1 Qe5 42. Qg2 Kf8 43. Qg5 h6 44. Qg6 Qe8
45. Qxb6 Kg8 46. Qxc5 Qh5 47. Nf4 Qg5+ 48. Ng2 Be5 49. Qc8+ Kg7 50. Qd7+ Kh8
51. Qe8+ Kg7 52. Qd7+ Kh8 1/2-1/2

[Event "International chess holiday M31"]
[Site "Praha"]
[Date "2012.07.31"]
[Round "4"]
[White "Michálek, František"]
[Black "Staufenberger, Bernd"]
[Result "1-0"]
[ECO "C07"]
[WhiteElo "2069"]
[BlackElo "2079"]
[Annotator ",Martin"]
[PlyCount "103"]
[TimeControl "240+2"]

1. e4 e6 2. d4 d5 3. Nd2 c5 4. Ngf3 cxd4 5. exd5 Qxd5 6.
Bc4 Qd6 7. O-O Nf6 8. Nb3 Nc6 9. Nbxd4 Nxd4 10. Qxd4 Bd7 11. Bf4 Qxd4 12. Nxd4
Rc8 13. Bb3 Bc5 14. Rad1 O-O 15. Rd3 Rfe8 16. Re1 h6 17. h3 Bxd4 18. Rxd4 Bc6
19. Be5 Nd7 20. Bd6 Nf8 21. f4 Ng6 22. g3 Rcd8 23. Red1 Rd7 24. c4 Red8 25. c5
Re8 26. Re1 Ne7 27. g4 Red8 28. Red1 Nc8 29. Be5 Rxd4 30. Rxd4 Rxd4 31. Bxd4
Ne7 32. a3 Ng6 33. Be3 Kf8 34. Kf2 Ke7 35. Kg3 Be4 36. h4 f6 37. h5 Nh8 38. g5
Nf7 39. g6 Nd8 40. Bd4 Nc6 41. Bc3 e5 42. Ba4 Nd4 43. Kf2 Bf5 44. Ke3 Bg4 45.
Ke4 Bxh5 46. fxe5 fxe5 47. Kxe5 Nc6+ 48. Kf5 Kf8 49. Bxc6 bxc6 50. Be5 Be2 51.
Ke6 Bc4+ 52. Kd6 1-0

[Event "International chess holiday M31"]
[Site "Praha"]
[Date "2012.07.31"]
[Round "4"]
[White "Gregor, Jiøí"]
[Black "Nguyen, Thai Dai Van"]
[Result "1-0"]
[ECO "D91"]
[WhiteElo "2281"]
[BlackElo "2007"]
[Annotator ",Martin"]
[PlyCount "69"]
[TimeControl "240+2"]

1. d4 Nf6 2. c4 g6 3. Nc3 d5 4. Bg5 Ne4 5. Bh4 Nxc3 6.
bxc3 Bg7 7. e3 c5 8. Nf3 Nc6 9. Be2 O-O 10. O-O dxc4 11. Bxc4 Na5 12. Bd3 Bg4
13. h3 Bxf3 14. Qxf3 Qd7 15. Rfd1 e6 16. Rab1 cxd4 17. cxd4 Rac8 18. Be4 b6 19.
d5 exd5 20. Bxd5 Qc7 21. Bg3 Qe7 22. Rbc1 Rxc1 23. Rxc1 Be5 24. e4 Bxg3 25.
Qxg3 Rd8 26. h4 Kg7 27. h5 a6 28. Rc7 Rd7 29. h6+ Kf8 30. Qc3 Qd6 31. Qg7+ Ke7
32. Rc8 Qf4 33. Qxh7 b5 34. Qxf7+ Qxf7 35. Bxf7 1-0